| TOP OF THE 1ST |
|
Houston Astros batting - Pitching for Seattle Mariners : RHP Tom Graham
|
|
Pitching: RHP Tom Graham
|
|
|
Batting: LHB Josh Corkery
|
0-0: Ball 1-0: Foul Ball, location: 2F 1-1: Fly out, F7 (Flyball, 78M, EV 89.4 MPH)
|
|
Batting: RHB Jeremy Trump
|
0-0: Called Strike 0-1: Called Strike 0-2: Ball 1-2: Ground out U3 (Groundball, 3, EV 86.9 MPH)
|
|
Batting: LHB Jack Christie
|
0-0: Ball 1-0: Called Strike 1-1: Foul Ball, location: 2F 1-2: Strikes out looking
|
| Top of the 1st over - 0 runs, 0 hits, 0 errors, 0 left on base; Houston 0 - Seattle 0 |
| BOTTOM OF THE 1ST |
|
Seattle Mariners batting - Pitching for Houston Astros : RHP Moises Hernandez Jr.
|
|
Pitching: RHP Moises Hernandez Jr.
|
|
|
Batting: LHB Tommy Luce
|
0-0: Ground out U3 (Groundball, 3L, EV 99.4 MPH)
|
|
Batting: LHB Dae-ik Yoon
|
0-0: DOUBLE (Line Drive, 78M, EV 110.0 MPH)
|
|
Batting: RHB Jose Vasquez
|
0-0: Called Strike 0-1: Ground out 1-3 (Groundball, 15S, EV 74.4 MPH)
|
|
Batting: RHB Steve Jordan
|
0-0: Ball 1-0: Foul Ball, location: 2F 1-1: Foul Ball, location: 2F 1-2: Strikes out looking
|
| Bottom of the 1st over - 0 runs, 1 hit, 0 errors, 1 left on base; Houston 0 - Seattle 0 |
| TOP OF THE 2ND |
|
Houston Astros batting - Pitching for Seattle Mariners : RHP Tom Graham
|
|
Batting: RHB Elijah Hunter
|
0-0: Ball 1-0: Foul Ball, location: 2F 1-1: Foul Ball, location: 2F 1-2: Foul Ball, location: 2F 1-2: Ball 2-2: Strikes out looking
|
|
Batting: LHB Bryce Hill
|
0-0: Ball 1-0: Ground out 6-3 (Groundball, 4MD, EV 85.6 MPH)
|
|
Batting: SHB Joe Gardner
|
0-0: Ball 1-0: Ground out 4-3 (Groundball, 4, EV 103.1 MPH)
|
| Top of the 2nd over - 0 runs, 0 hits, 0 errors, 0 left on base; Houston 0 - Seattle 0 |
| BOTTOM OF THE 2ND |
|
Seattle Mariners batting - Pitching for Houston Astros : RHP Moises Hernandez Jr.
|
|
Batting: RHB Pavpv Ivanushkin
|
0-0: Ball 1-0: Foul Ball, location: 2F 1-1: Ball 2-1: Fly out, F8 (Flyball, 8LXD, EV 105.0 MPH)
|
|
Batting: RHB Tony Vargas
|
0-0: Ball 1-0: Ball 2-0: Ball 3-0: Base on Balls
|
|
Batting: RHB Harutomi Matsubara
|
0-0: Ball 1-0: Ball 2-0: DOUBLE (Line Drive, 78D, EV 107.5 MPH) Tony Vargas to third
|
|
Batting: RHB Rick Ellis
|
0-0: Foul Ball, location: 2F 0-1: Ground out 6-3 (Groundball, 6, EV 87.5 MPH) Tony Vargas scores Harutomi Matsubara to third
|
|
Batting: RHB Young-kwang Ohnn
|
0-0: Called Strike 0-1: Ball 1-1: Ground out 5-3 (Groundball, 5, EV 83.1 MPH)
|
| Bottom of the 2nd over - 1 run, 1 hit, 0 errors, 1 left on base; Houston 0 - Seattle 1 |
| TOP OF THE 3RD |
|
Houston Astros batting - Pitching for Seattle Mariners : RHP Tom Graham
|
|
Batting: RHB Eric Chotkowski
|
0-0: Ground out 4-3 (Groundball, 4S, EV 81.9 MPH)
|
|
Batting: RHB Danny Merrill
|
0-0: Foul Ball, location: 2F 0-1: Ball 1-1: Ball 2-1: Called Strike 2-2: Strikes out swinging
|
|
Batting: LHB Jimmy Edlin
|
0-0: Swinging Strike 0-1: Ball 1-1: Foul Ball, location: 2F 1-2: Ball 2-2: Strikes out swinging
|
| Top of the 3rd over - 0 runs, 0 hits, 0 errors, 0 left on base; Houston 0 - Seattle 1 |
| BOTTOM OF THE 3RD |
|
Seattle Mariners batting - Pitching for Houston Astros : RHP Moises Hernandez Jr.
|
|
Batting: LHB Tommy Luce
|
0-0: Ball 1-0: Called Strike 1-1: Ball 2-1: SINGLE (Groundball, 4D, EV 102.5 MPH)
|
|
Batting: LHB Dae-ik Yoon
|
0-0: Swinging Strike 0-1: Ball 1-1: Ball 2-1: Ball 3-1: Foul Ball, location: 2F 3-2: Fielders Choice at 2nd, 3-6 (Groundball, 34, EV 83.1 MPH)
|
|
Batting: RHB Jose Vasquez
|
0-0: Ball 1-0: Ball 2-0: Ball 3-0: Base on Balls Dae-ik Yoon to second
|
|
Batting: RHB Steve Jordan
|
0-0: Foul Ball, location: 2F 0-1: Ball 1-1: Ball 2-1: Ball 3-1: Foul Ball, location: 2F 3-2: Foul Ball, location: 2F 3-2: SINGLE (Groundball, 56D, EV 106.2 MPH) Dae-ik Yoon to third Jose Vasquez to second Runner from 3rd tries for Home, SAFE, throw by LF to home
|
|
Batting: RHB Pavpv Ivanushkin
|
0-0: Ball 1-0: Ball 2-0: Foul Ball, location: 2F 2-1: Fly out, F9 (Flyball, 9LM, EV 96.9 MPH) Runner from 2nd tags up, SAFE at 3rd, no throw by RF
|
|
Batting: RHB Tony Vargas
|
0-0: Ball 1-0: Swinging Strike 1-1: Ball 2-1: Ball 3-1: Foul Ball, location: 2F 3-2: Strikes out looking
|
| Bottom of the 3rd over - 1 run, 2 hits, 0 errors, 2 left on base; Houston 0 - Seattle 2 |
| TOP OF THE 4TH |
|
Houston Astros batting - Pitching for Seattle Mariners : RHP Tom Graham
|
|
Batting: LHB Josh Corkery
|
0-0: Ball 1-0: Ball 2-0: Ball 3-0: Base on Balls
|
|
Batting: RHB Jeremy Trump
|
0-0: Called Strike 0-1: Ball 1-1: Foul Ball, location: 2F 1-2: Fly out, F9 (Flyball, 9LM, EV 92.5 MPH)
|
|
Batting: LHB Jack Christie
|
0-0: Called Strike 0-1: Ball 1-1: Foul Ball, location: 2F 1-2: Foul Ball, location: 2F 1-2: Ball 2-2: Ball Josh Corkery steals 2nd base 3-2: Ground out 6-3 (Groundball, 6, EV 90.6 MPH) Josh Corkery to third
|
|
Batting: RHB Elijah Hunter
|
0-0: Ball 1-0: Ball 2-0: Ball Wild Pitch! Josh Corkery scores 3-0: Base on Balls
|
|
Batting: LHB Bryce Hill
|
0-0: Ball 1-0: Ball 2-0: Ground out 4-3 (Groundball, 34D, EV 79.4 MPH)
|
| Top of the 4th over - 1 run, 0 hits, 0 errors, 1 left on base; Houston 1 - Seattle 2 |
| BOTTOM OF THE 4TH |
|
Seattle Mariners batting - Pitching for Houston Astros : RHP Moises Hernandez Jr.
|
|
Batting: RHB Harutomi Matsubara
|
0-0: Ball 1-0: Ball 2-0: Foul Ball, location: 2F 2-1: Called Strike 2-2: Fly out, F7 (Flyball, 7LSF, EV 87.5 MPH)
|
|
Batting: RHB Rick Ellis
|
0-0: Ball 1-0: Ground out 6-3 (Groundball, 6, EV 86.2 MPH)
|
|
Batting: RHB Young-kwang Ohnn
|
0-0: Ball 1-0: Ball 2-0: Called Strike 2-1: Ball 3-1: Called Strike 3-2: Fly out, F8 (Flyball, 78M, EV 92.5 MPH)
|
| Bottom of the 4th over - 0 runs, 0 hits, 0 errors, 0 left on base; Houston 1 - Seattle 2 |
| TOP OF THE 5TH |
|
Houston Astros batting - Pitching for Seattle Mariners : RHP Tom Graham
|
|
Batting: SHB Joe Gardner
|
0-0: Called Strike 0-1: Foul Ball, location: 2F 0-2: Ball 1-2: Ground out 4-3 (Groundball, 4, EV 83.8 MPH)
|
|
Batting: RHB Eric Chotkowski
|
0-0: Ball 1-0: Ground out 1-3 (Groundball, 13S, EV 72.5 MPH)
|
|
Batting: RHB Danny Merrill
|
0-0: Ball 1-0: Swinging Strike 1-1: Foul Ball, location: 2F 1-2: Ball 2-2: Ball 3-2: Foul Ball, location: 2F 3-2: Ground out 6-3 (Groundball, 6, EV 90.0 MPH)
|
| Top of the 5th over - 0 runs, 0 hits, 0 errors, 0 left on base; Houston 1 - Seattle 2 |
| BOTTOM OF THE 5TH |
|
Seattle Mariners batting - Pitching for Houston Astros : RHP Moises Hernandez Jr.
|
|
Batting: LHB Tommy Luce
|
0-0: Called Strike 0-1: Ball 1-1: Ball 2-1: DOUBLE (Line Drive, 78XD, EV 106.9 MPH)
|
|
Batting: LHB Dae-ik Yoon
|
0-0: Ball 1-0: Ball 2-0: Called Strike 2-1: Ball 3-1: Base on Balls
|
|
Batting: RHB Jose Vasquez
|
0-0: Ball 1-0: Called Strike 1-1: Ball 2-1: Foul Ball, location: 2F 2-2: Ball 3-2: Strikes out swinging
|
|
Batting: RHB Steve Jordan
|
0-0: Foul Ball, location: 2F 0-1: Fly out, F6 (Popup, 4MS, EV 85.6 MPH)
|
|
Batting: RHB Pavpv Ivanushkin
|
0-0: Called Strike 0-1: Ball 1-1: Ball 2-1: Swinging Strike 2-2: Strikes out looking
|
| Bottom of the 5th over - 0 runs, 1 hit, 0 errors, 2 left on base; Houston 1 - Seattle 2 |
| TOP OF THE 6TH |
|
Houston Astros batting - Pitching for Seattle Mariners : RHP Tom Graham
|
|
Batting: LHB Jimmy Edlin
|
0-0: Called Strike 0-1: Swinging Strike 0-2: Foul Ball, location: 2F 0-2: Ball 1-2: Fly out, F7 (Flyball, 7, EV 84.4 MPH)
|
|
Batting: LHB Josh Corkery
|
0-0: Ball 1-0: Ball 2-0: Called Strike 2-1: Ground out 2-3 (Groundball, 2R, EV 66.2 MPH)
|
|
Batting: RHB Jeremy Trump
|
0-0: Ball 1-0: SINGLE (Line Drive, 4MD, EV 98.8 MPH)
|
|
Batting: LHB Jack Christie
|
0-0: Foul Ball, location: 2F 0-1: Foul Ball, location: 2F 0-2: SINGLE (Line Drive, 8LS, EV 107.5 MPH) Jeremy Trump to second
|
|
Batting: RHB Elijah Hunter
|
0-0: Called Strike 0-1: Foul Ball, location: 2F 0-2: Strikes out swinging
|
| Top of the 6th over - 0 runs, 2 hits, 0 errors, 2 left on base; Houston 1 - Seattle 2 |
| BOTTOM OF THE 6TH |
|
Seattle Mariners batting - Pitching for Houston Astros : RHP Moises Hernandez Jr.
|
|
Batting: RHB Tony Vargas
|
0-0: Called Strike 0-1: Ball 1-1: Ball 2-1: Ground out U3 (Groundball, 34D, EV 99.4 MPH)
|
|
Batting: RHB Harutomi Matsubara
|
0-0: Called Strike 0-1: Called Strike 0-2: Ball 1-2: Foul Ball, location: 2F 1-2: Ball 2-2: Foul Ball, location: 2F 2-2: Fly out, F8 (Flyball, 8RM, EV 95.6 MPH)
|
|
Batting: RHB Rick Ellis
|
0-0: Called Strike 0-1: Foul Ball, location: 2F 0-2: Ball 1-2: Fly out, F9 (Flyball, 9LM, EV 86.9 MPH)
|
| Bottom of the 6th over - 0 runs, 0 hits, 0 errors, 0 left on base; Houston 1 - Seattle 2 |
| TOP OF THE 7TH |
|
Houston Astros batting - Pitching for Seattle Mariners : RHP Tom Graham
|
|
Now at 2B: Malik Brookshire
|
|
|
Now at 3B: Rick Ellis
|
|
|
Batting: LHB Bryce Hill
|
0-0: Called Strike 0-1: Ball 1-1: Ball 2-1: SINGLE (Groundball, 5S, EV 69.4 MPH) (infield hit)
|
|
Batting: SHB Joe Gardner
|
0-0: Ball 1-0: Ball 2-0: Bunted foul 2-1: Ball 3-1: Sac Bunt to 23 - play at first, batter safe! Bryce Hill to second
|
|
Pinch Hitting: LHB Josh Birkner
|
0-0: Ball 1-0: Ball 2-0: SINGLE (Groundball, 6MS, EV 76.2 MPH) (infield hit) Bryce Hill to third Joe Gardner to second
|
|
Pinch Hitting: SHB Paskar Adegoke
|
0-0: Called Strike 0-1: Called Strike 0-2: Grounds into double play, 4-6-3 (Groundball, 4, EV 79.4 MPH) Bryce Hill scores Joe Gardner to third
|
|
Batting: LHB Jimmy Edlin
|
0-0: Foul Ball, location: 2F 0-1: Ball 1-1: Swinging Strike 1-2: DOUBLE (Flyball, 8LXD, EV 100.6 MPH) Joe Gardner scores
|
|
Pitching: RHP Rich Ortega
|
|
|
Batting: LHB Josh Corkery
|
0-0: Fly out, F7 (Flyball, 7, EV 74.4 MPH)
|
| Top of the 7th over - 2 runs, 4 hits, 0 errors, 1 left on base; Houston 3 - Seattle 2 |
| BOTTOM OF THE 7TH |
|
Seattle Mariners batting - Pitching for Houston Astros : RHP Moises Hernandez Jr.
|
|
Pitching: RHP Kyle McPeak
|
|
|
Now at 1B: Josh Birkner
|
|
|
Now at 3B: Paskar Adegoke
|
|
|
Batting: RHB Malik Brookshire
|
0-0: Ball 1-0: Called Strike 1-1: Called Strike 1-2: Ball 2-2: Foul Ball, location: 2F 2-2: Foul Ball, location: 2F 2-2: Foul Ball, location: 2F 2-2: SINGLE (Groundball, 4D, EV 101.9 MPH)
|
|
Batting: LHB Tommy Luce
|
0-0: Called Strike Malik Brookshire is caught stealing 2nd base 2-6 0-1: Swinging Strike 0-2: Strikes out swinging
|
|
Batting: LHB Dae-ik Yoon
|
0-0: Called Strike 0-1: Foul Ball, location: 2F 0-2: Ball 1-2: Ball 2-2: Foul Ball, location: 2F 2-2: Ball 3-2: Base on Balls
|
|
Batting: RHB Jose Vasquez
|
0-0: Fly out, F3 (Popup, 3S, EV 74.4 MPH)
|
| Bottom of the 7th over - 0 runs, 1 hit, 0 errors, 1 left on base; Houston 3 - Seattle 2 |
| TOP OF THE 8TH |
|
Houston Astros batting - Pitching for Seattle Mariners : RHP Rich Ortega
|
|
Batting: RHB Jeremy Trump
|
0-0: Ball 1-0: SINGLE (Line Drive, 4D, EV 111.2 MPH)
|
|
Batting: LHB Jack Christie
|
0-0: Ball 1-0: Called Strike 1-1: Called Strike Jeremy Trump steals 2nd base 1-2: Ground out 4-3 (Groundball, 4, EV 101.9 MPH) Jeremy Trump to third
|
|
Batting: RHB Elijah Hunter
|
0-0: Ball 1-0: Fly out, F7 (Flyball, 7LD, EV 90.0 MPH) Runner from 3rd tags up, SCORES, no throw by LF
|
|
Batting: LHB Bryce Hill
|
0-0: Ball 1-0: Ball 2-0: Ball 3-0: SOLO HOME RUN (Flyball, 89XD, EV 103.1 MPH), Distance : 385 ft
|
|
Batting: SHB Joe Gardner
|
0-0: Foul Ball, location: 2F 0-1: Ground out 6-3 (Groundball, 4M, EV 79.4 MPH)
|
| Top of the 8th over - 2 runs, 2 hits, 0 errors, 0 left on base; Houston 5 - Seattle 2 |
| BOTTOM OF THE 8TH |
|
Seattle Mariners batting - Pitching for Houston Astros : RHP Kyle McPeak
|
|
Batting: RHB Steve Jordan
|
0-0: Called Strike 0-1: Foul Ball, location: 2F 0-2: Ball 1-2: Foul Ball, location: 2F 1-2: Strikes out looking
|
|
Batting: RHB Pavpv Ivanushkin
|
0-0: Foul Ball, location: 2F 0-1: Ball 1-1: Swinging Strike 1-2: Strikes out swinging
|
|
Batting: RHB Tony Vargas
|
0-0: Ball 1-0: Foul Ball, location: 2F 1-1: Ball 2-1: Ball 3-1: Fly out, F3 (Line Drive, 34, EV 73.8 MPH)
|
| Bottom of the 8th over - 0 runs, 0 hits, 0 errors, 0 left on base; Houston 5 - Seattle 2 |
| TOP OF THE 9TH |
|
Houston Astros batting - Pitching for Seattle Mariners : RHP Rich Ortega
|
|
Batting: LHB Josh Birkner
|
0-0: Ball 1-0: DOUBLE (Line Drive, 7LS, EV 105.0 MPH)
|
|
Batting: SHB Paskar Adegoke
|
0-0: Foul Ball, location: 2F 0-1: SINGLE (Groundball, 4MD, EV 98.8 MPH) Josh Birkner to third
|
|
Batting: LHB Jimmy Edlin
|
0-0: Foul Ball, location: 2F 0-1: Ball 1-1: Foul Ball, location: 2F 1-2: Foul Ball, location: 2F 1-2: Fly out, F7 (Flyball, 78M, EV 79.4 MPH)
|
|
Batting: LHB Josh Corkery
|
0-0: Ball 1-0: Ground out 4-3 (Groundball, 34D, EV 82.5 MPH) Josh Birkner scores Paskar Adegoke to second
|
|
Pitching: RHP Kyle Ridgeway
|
|
|
Batting: RHB Jeremy Trump
|
0-0: 2-RUN HOME RUN (Flyball, 7D, EV 98.8 MPH), Distance : 388 ft
|
|
Batting: LHB Jack Christie
|
0-0: Foul Ball, location: 2F 0-1: Ball 1-1: Swinging Strike 1-2: SOLO HOME RUN (Line Drive, 89XD, EV 103.8 MPH), Distance : 407 ft
|
|
Batting: RHB Elijah Hunter
|
0-0: SINGLE (Groundball, 6D, EV 101.9 MPH)
|
|
Batting: LHB Bryce Hill
|
0-0: Called Strike 0-1: Called Strike 0-2: Strikes out looking
|
| Top of the 9th over - 4 runs, 5 hits, 0 errors, 1 left on base; Houston 9 - Seattle 2 |
| BOTTOM OF THE 9TH |
|
Seattle Mariners batting - Pitching for Houston Astros : RHP Kyle McPeak
|
|
Batting: RHB Harutomi Matsubara
|
0-0: Ball 1-0: Foul Ball, location: 2F 1-1: Fly out, F9 (Flyball, 9S, EV 89.4 MPH)
|
|
Batting: RHB Rick Ellis
|
0-0: Ground out 5-3 (Groundball, 5S, EV 68.1 MPH)
|
|
Batting: RHB Malik Brookshire
|
0-0: Foul Ball, location: 2F 0-1: Ball 1-1: Swinging Strike 1-2: Strikes out swinging
|
| Bottom of the 9th over - 0 runs, 0 hits, 0 errors, 0 left on base; Houston 9 - Seattle 2 |
|